cohdb
Replays
Latest Replays
All Replays
Popular Replays
Top Player Replays
Match Explorer
How It Works
Community
CoH3 Stats
Reddit
Sign in to upload your games and track your stats! →
Sign in with Steam
Match 27670119
Unlisted
Match 27670119
Overview
Messages
Build Orders
End
Panzergrenadier Squad
Selects Italian Infantry
250 Light Carrier
Construct Light Support Kompanie
2.5-tonne Medical Truck
MG34 Team
Selects Defensive Operations
Combat Half-tracks
Fire Support Elements
le.IG 18 Mechanized Group
Panzerjäger Squad
Flakvierling Half-track
Construct Panzerarmee Kommand
Panzergrenadier Squad
Selects Guastatori Squad
Flak 36 Anti-tank Gun Team
Selects Prepared Positions
Panzer III L Medium Tank
Panzer III L Medium Tank
Selects Obice 305mm Barrage
Obice 305mm Barrage
Panzer III L Medium Tank
Flakvierling Half-track
2.5-tonne Medical Truck
Panzerpioneer Squad
Obice 305mm Barrage
Panzerpioneer Squad
Assault Mechanized Group
AI Takeover
GooMan
abbodhadid1
GOMES83 [KULM]
papasyrio
seb
dinamix.fr
Schlupski
yf
0
0
Comments
sign in to comment!
No comments posted yet!